 Dungeon Crawl Stone Soup version 0.26-b1-32-g5d43845318 (webtiles) character file.

Game seed: 10531024887867886754

203 Borgoz the Ducker (level 5, -1/45 HPs)
             Began as a Ghoul Gladiator on Jan 13, 2021.
             Slain by Sigmund
             ... wielding a +0 scythe
              (6 damage)
             ... on level 3 of the Dungeon.
             The game lasted 00:02:12 (2540 turns).

Borgoz the Ducker (Ghoul Gladiator)                 Turns: 2540, Time: 00:02:13

Health: -1/45      AC:  4    Str: 18    XL:     5   Next: 81%
Magic:  4/4        EV: 13    Int:  3    God:
Gold:   145        SH:  0    Dex: 11    Spells: 4/4 levels left

rFire    . . .     SeeInvis .   a - +0 war axe
rCold    + . .     Faith    .   (no shield)
rNeg     + + +     Spirit   .   b - +0 leather armour
rPois    ∞         Reflect  .   c - +0 helmet
rElec    .         Harm     .   (no cloak)
rCorr    .         Rampage  .   (no gloves)
Will     .....                  (no boots)
Stlth    +.........             (no amulet)
HPRegen  0.00/turn              (no ring)
MPRegen  0.09/turn              (no ring)

@: no status effects
A: claws 1, cold resistance 1, negative energy resistance 3, inhibited
regeneration, torment resistance, unbreathing
a: no special abilities


You were on level 3 of the Dungeon.
You visited 1 branch of the dungeon, and saw 4 of its levels.

You collected 145 gold pieces.

Inventory:

Hand Weapons
 a - a +0 war axe (weapon)
Missiles
 f - a throwing net (quivered)
Armour
 b - a +0 leather armour (worn)
 c - a +0 helmet (worn)
Scrolls
 d - 2 scrolls of identify
 e - a scroll of remove curse
Potions
 j - 2 potions of degeneration


   Skills:
 + Level 3.1 Fighting
 * Level 3.7 Axes
 - Level 1.7 Throwing
 * Level 2.3 Armour
 * Level 3.8 Dodging


You had 4 spell levels left.
You didn't know any spells.
Your spell library was empty.

Dungeon Overview and Level Annotations

Branches:
Dungeon (4/15)
 Temple: D:4-7

Altars:
Dithmenos
Kikubaaqudgha

Annotations:
D:3 Sigmund


Innate Abilities, Weirdness & Mutations

You thrive by killing the living.
You are immune to poison.
You have sharp fingernails.
Your flesh is cold resistant. (rC+)
You are immune to negative energy. (rN+++)
You do not regenerate when monsters are visible.
You are immune to unholy pain and torment.
You can survive without breathing.


Message History

Something hits you but does no damage.
It was a potion of heal wounds.
You feel much better. Something hits you.
It was a potion of cancellation.
You feel magically purged.
You miss something. Something hits you.
You barely miss something. Something hits you!
You closely miss something. Something hits you.
* * * LOW HITPOINT WARNING * * *
You miss something. Something hits you.
* * * LOW HITPOINT WARNING * * *
You slash something!
You hear some strange, mumbled words.
You are confused.
Something barely misses you.
You bump into the stone wall.
Something hits you.
* * * LOW HITPOINT WARNING * * *
Something hits you.
* * * LOW HITPOINT WARNING * * *
You feel less confused. Something hits you.
You die...

##..###.#..
........#.####
#.......#....####
#.......#.......###
####..........††.....##
#..........#..††......#
...........#.###.####..#
...........#.# #{?.## .#
...........#.# #@...#
........##.#.# #....#
..÷÷....##.#.. #[.......
........##.#..
######....
........####.. ....
.........#.# ...
#).....#.#.# ...
######.....######
##########
#####......##..#
#..<..!..#


There were no monsters in sight!

Vanquished Creatures
  An ice beast (D:3)
  A scorpion (D:4)
  An adder (D:3)
  2 worms
  2 dart slugs (D:1)
  3 leopard geckos
  4 orcs (D:3)
  2 giant cockroaches
  4 goblins
  A hobgoblin (D:1)
  2 jackals (D:3)
  A quokka (D:2)
  4 bats
  A frilled lizard (D:2)
  4 kobolds
  8 rats
41 creatures vanquished.

Notes
Turn   | Place    | Note
-------+----------+-------------------------------------------
     0 | D:1      | Borgoz the Ghoul Gladiator began the quest for the Orb.
     0 | D:1      | Reached XP level 1. HP: 17/17 MP: 0/0
   108 | D:1      | Reached XP level 2. HP: 21/24 MP: 1/1
   787 | D:2      | Found an ancient bone altar of Kikubaaqudgha.
   898 | D:2      | Found a shadowy altar of Dithmenos.
  1005 | D:2      | Found a shadowy altar of Dithmenos.
  1010 | D:2      | Reached XP level 3. HP: 30/30 MP: 2/2
  1405 | D:2      | Reached skill level 1 in Armour
  1446 | D:2      | You fall into a shaft and drop 2 floors!
  1458 | D:4      | Noticed a scorpion
  1476 | D:4      | Killed a scorpion
  1477 | D:4      | Reached XP level 4. HP: 4/37 MP: 3/3
  2180 | D:3      | Noticed an ice beast
  2196 | D:3      | Killed an ice beast
  2197 | D:3      | Reached XP level 5. HP: 23/45 MP: 4/4
  2515 | D:3      | Noticed Sigmund
  2540 | D:3      | Slain by Sigmund

Illustrated notes

Levels and vault maps discovered:
D:1:      scummos_arrival_star, layout_basic
D:2:      layout_basic, kiku_gazebo_pond_becter, lemuel_doored_altar,
          grunt_dithmenos_smoke_and_mirrors
D:3:      minmay_recursive_quarters, layout_rooms, uniq_sigmund
D:4:      minmay_general_purpose_star, layout_cave_pods, kennysheep_mini_moat

Skill      XL: |  1  2  3  4 |
---------------+-------------+-----
Dodging        | 3 |  3.8
Axes           | 3 |  3.7
Armour         | 1 2 |  2.3
Fighting       | 3 |  3.1
Throwing       | |  1.7

Action                   |  1- 3 |  4- 6 || total
-------------------------+-------+-------++-------
Melee: War axe           |    76 |    65 ||   141
Throw: Throwing net      |     1 |     2 ||     3
  Use: Scroll            |       |     4 ||     4
       Potion            |       |     3 ||     3
 Stab: Held in net/web   |     1 |     1 ||     2
Armor: Leather armour    |    21 |    18 ||    39
Dodge: Dodged            |    60 |    64 ||   124
